 Dungeon Crawl Stone Soup version 0.27-a0-1147-gb3d8e82157 (webtiles) character file.

Game seed: 8711498366526710139

322 kae the Slasher (level 6, -12/49 HPs)
             Began as a Demonspawn Fighter on May 11, 2021.
             Mangled by Pikel
             ... wielding a +2 whip of electrocution
              (18 damage)
             ... on level 3 of the Dungeon.
             The game lasted 00:02:20 (4229 turns).

kae the Slasher (Demonspawn Fighter)                Turns: 4229, Time: 00:02:21

Health: -12/49     AC:  7    Str: 18    XL:     6   Next: 22%
Magic:  6/6        EV:  7    Int:  9    God:
Gold:   459        SH:  9    Dex: 13    Spells: 5/5 levels left

rFire    + . .     SeeInvis .   d - +3 demon blade (freeze)
rCold    + . .     Faith    .   c - +0 kite shield
rNeg     . . .     Spirit   .   b - +1 scale mail
rPois    .         Reflect  .   (helmet restricted)
rElec    .         Harm     .   r - scarf {rC+ rF+}
rCorr    .         Rampage  .   (no gloves)
Will     .....                  (no boots)
Stlth    ..........             (no amulet)
HPRegen  0.16/turn              (no ring)
MPRegen  0.10/turn              (no ring)

@: very slightly contaminated, invisible
A: antennae 1, demonic guardian 1
a: no special abilities


You were on level 3 of the Dungeon.
You visited 1 branch of the dungeon, and saw 4 of its levels.

You collected 459 gold pieces.

Inventory:

Hand Weapons
 a - a +1 long sword
 d - a +3 demon blade of freezing (weapon)
Armour
 b - a +1 scale mail (worn)
 c - a +0 kite shield (worn)
 r - a scarf of resistance (worn)
Jewellery
 o - a ring of magical power
Scrolls
 e - 5 scrolls of teleportation
 k - 3 scrolls of identify
 q - a scroll of enchant weapon
Potions
 f - 2 potions of invisibility
 g - a potion of lignification {unknown}
 h - a potion of flight {unknown}
 j - a potion of magic {unknown}
 n - 2 potions of resistance {unknown}
 p - a potion of curing {unknown}


   Skills:
 + Level 4.7 Fighting
 * Level 5.0 Long Blades
 - Level 2.6 Armour
 - Level 2.6 Shields


You had 5 spell levels left.
You didn't know any spells.
Your spell library contained the following spells:

 Spells                   Type           Power      Damage    Failure   Level
 Sting                    Tmut/Pois      0%         1d3       99%         1
 Silence                  Hex/Air        0%         N/A       100%        5
 Blade Hands              Tmut           0%         N/A       100%        6
 Statue Form              Tmut/Erth      0%         N/A       100%        6


Dungeon Overview and Level Annotations

Branches:
Dungeon (4/15)
 Temple: D:4-7

Altars:
Hepliaklqana
Ru
Trog

Annotations:
D:3 Pikel


Innate Abilities, Weirdness & Mutations

You have a pair of small antennae on your head.
A weak demonic guardian rushes to your aid.


Message History

You slash the lemure! You freeze the lemure.
The lemure is heavily wounded.
The lemure hits you. You block Pikel's attack. The lemure barely misses you.
You riposte.
You slash the lemure! You freeze the lemure.
The lemure is moderately wounded.
You slash the lemure! You freeze the lemure.
You kill the lemure!
That felt strangely unrewarding.
Pikel hits you but does no damage.
You are electrocuted!
You block the lemure's attack.
Pikel hits you with a +2 whip of electrocution.
Things that are here:
a +0 leather armour; a +0 club; an orc corpse You fade into invisibility!
You are very lightly contaminated with residual magic.
You closely miss Pikel. Pikel hits you but does no damage.
You hit Pikel. You freeze Pikel.
Pikel is moderately wounded.
Pikel hits you with a +2 whip of electrocution!
* * * LOW HITPOINT WARNING * * *
You catch the helpless Pikel completely off-guard!
You hit Pikel. You freeze Pikel.
Pikel is moderately wounded.
You block Pikel's attack.
You hit Pikel. You freeze Pikel.
Pikel is heavily wounded.
Pikel barely misses you. You block Pikel's attack.
You strike the helpless Pikel from behind!
You slash Pikel! You freeze Pikel.
Pikel is severely wounded.
You block Pikel's attack.
You miss Pikel.
Pikel is severely wounded.
Pikel hits you with a +2 whip of electrocution.
* * * LOW HITPOINT WARNING * * *
You hit Pikel. You freeze Pikel.
Pikel is severely wounded.
Pikel hits you with a +2 whip of electrocution.
* * * LOW HITPOINT WARNING * * *
You are electrocuted!!
You die...

.........###.#.#
.............#.#
.###.###.....#.#####
.###...............#
.'...........#.###.#
.###########.#.# #.#
.# #.#.# #.#
############.#5###.#
...........#..5K@#.#
##########.#######.##
....................#
##########.##########
#.# #.# ##########.#
...........#
############


You could see Pikel and 2 lemures.

Vanquished Creatures
  Grinder (D:3)
  2 lemures (D:3)
  2 gnolls
  5 adders
  4 dart slugs
  2 orcs (D:3)
  5 endoplasms
  3 giant cockroaches
  4 goblins
  5 hobgoblins
  7 jackals
  2 kobolds
  2 quokkas
  3 ball pythons
  2 bats (D:1)
  4 frilled lizards
  7 rats
60 creatures vanquished.

Vanquished Creatures (collateral kills)
  A gnoll (D:2)
  An adder (D:3)
  A kobold (D:3)
3 creatures vanquished.

Grand Total: 63 creatures vanquished

Notes
Turn   | Place    | Note
-------+----------+-------------------------------------------
     0 | D:1      | kae the Demonspawn Fighter began the quest for the Orb.
     0 | D:1      | Reached XP level 1. HP: 18/18 MP: 1/1
    74 | D:1      | Reached skill level 2 in Long Blades
   220 | D:1      | Gained mutation: A weak demonic guardian rushes to your
                  | aid. [demonic ancestry]
   220 | D:1      | Reached XP level 2. HP: 14/24 MP: 2/2
   681 | D:1      | Identified a scroll of acquirement
   681 | D:1      | Acquired 353 gold pieces
  1302 | D:2      | Reached XP level 3. HP: 25/29 MP: 3/3
  1477 | D:2      | Reached skill level 3 in Long Blades
  2302 | D:2      | Reached XP level 4. HP: 29/37 MP: 4/4
  2390 | D:3      | Found a faded altar of an unknown god.
  2525 | D:3      | Noticed Grinder
  2550 | D:3      | Paralysed by Grinder for 2 turns
  2553 | D:3      | Killed Grinder
  2554 | D:3      | Reached skill level 4 in Long Blades
  2554 | D:3      | Reached XP level 5. HP: 11/43 MP: 5/5
  2928 | D:3      | Identified the Guide on Feathery Changing
  2945 | D:3      | Gained mutation: You have a pair of small antennae on your
                  | head. [demonic ancestry]
  2945 | D:3      | Reached XP level 6. HP: 38/49 MP: 6/6
  3161 | D:3      | Found a bloodstained altar of Trog.
  3328 | D:3      | Found a sacrificial altar of Ru.
  3328 | D:3      | Found a hazy altar of Hepliaklqana.
  3419 | D:3      | Reached skill level 5 in Long Blades
  3794 | D:3      | Acquired a +3 demon blade of freezing
  4055 | D:4      | Noticed Pikel
  4229 | D:3      | Mangled by Pikel

Illustrated notes

Levels and vault maps discovered:
D:1:      nicolae_arrival_washed_ashore, layout_loops_ring, patterned_corridor
D:2:      layout_loops_corners
D:3:      layout_basic, gammafunk_temple_overflow_pools, lemuel_doored_altar,
          hellmonk_ecumenical_altar_zigzags, chequers_serial_rivers_large_b,
          uniq_grinder
D:4:      cheibrodos_helix_gallery, layout_layer_cave, hangedman_decor_lopped,
          lemuel_old_faithful, uniq_pikel

Skill      XL: |  1  2  3  4  5  6 |
---------------+-------------------+-----
Long Blades    | 2 3 4 5 |  5.0
Fighting       | 4 |  4.7
Armour         | |  2.6
Shields        | |  2.6

Action                   |  1- 3 |  4- 6 || total
-------------------------+-------+-------++-------
Melee: Long sword        |   118 |    79 ||   197
       Demon blade       |       |    21 ||    21
  Use: Scroll            |     5 |     5 ||    10
       Potion            |       |     2 ||     2
 Stab: Invisible         |       |     2 ||     2
Armor: Scale mail        |    49 |    47 ||    96
Dodge: Dodged            |    31 |    38 ||    69
Block: Kite shield       |    52 |    60 ||   112
       Rpst.: Long sword |    12 |    10 ||    22
       Demon blade       |       |     2 ||     2

Table legend: (Time is in decaauts)
 A = Elapsed time spent in this place.
 B = Non-inter-level travel time spent in this place.
 C = Inter-level travel time spent in this place.
 D = Time resting spent in this place.
 E = Time spent auto-exploring this place.
 F = Levels seen in this place.
 G = Mean time per level.
                   A        B        C        D        E       F      G
               +--------+--------+--------+--------+--------+-----+--------+
         Total |   4381 |   4184 |    197 |    285 |   3317 |   4 | 1095.2 |
       Dungeon |   4381 |   4184 |    197 |    285 |   3317 |   4 | 1095.2 |
               +--------+--------+--------+--------+--------+-----+--------+

Top non-repeatable levels by time:
     D:3: 1884 daAuts
     D:2: 1293 daAuts
     D:1: 1124 daAuts
     D:4: 79 daAuts
